AoeStats
← HR Pinkman

Arabia

508774774Analyzed
1v1 RM · 7d ago on Sep 24, 2026· 55m 50s· 2 players
Game mode
Random Map
Map size
Tiny (2 player)
Population
200
Speed
Normal
Resources
Standard
Victory
Conquest
Starting age
Dark Age
Ending age
Imperial Age
RankedLock teamsTeams togetherTeam positionsShared explorationLock speedFull tech treeHidden civsTurbo modeCheats
Victory
Defeat
🇨🇱 Danes · Chile
2355
+8
🇨🇱 Saxons · Chile
2168
-8
HR Pinkman
5:58 Loom
8:54 Feudal Age
9:20 Double-Bit Axe
11:48 Horse Collar
16:23 Fletching
19:39 Castle Age
19:47 Crossbowman
20:51 Bodkin Arrow
21:35 Bow Saw
21:47 Heavy Plow
22:38 Wheelbarrow
36:43 Imperial Age
34:35 Scale Mail Armor
35:20 Hand Cart
35:56 Squires
37:32 Chain Mail Armor
37:36 Forging
37:11 Arson
38:22 Padded Archer Armor
38:22 Bracer
38:48 Town Watch
38:29 Elite Skirmisher
40:04 Leather Archer Armor
40:56 Plate Mail Armor
40:57 Ballistics
42:36 Ring Archer Armor
43:19 Chemistry
43:20 Masonry
43:51 Plate Mail Armor
43:56 Iron Casting
46:44 Architecture
53:17 Conscription
53:37 Husbandry
53:48 Bloodlines
HR AboKeiTo
5:55 Loom
9:23 Feudal Age
9:33 Man-at-Arms
10:44 Double-Bit Axe
14:09 Fletching
15:09 Padded Archer Armor
16:25 Arson
18:20 Town Watch
21:41 Castle Age
19:45 Horse Collar
21:44 Elite Skirmisher
22:20 Bodkin Arrow
23:12 Bow Saw
23:49 Leather Archer Armor
25:13 Wheelbarrow
29:59 Hand Cart
32:57 Ballistics
37:20 Imperial Age
34:51 Gold Mining
38:12 Bracer
39:13 Chemistry
38:58 Thumb Ring
38:21 Heavy Mounted Crossbowman
39:40 Husbandry
39:53 Bloodlines
42:05 Heavy Plow
42:35 Conscription
42:49 Elite Jomsviking
43:30 Scale Mail Armor
43:40 Forging
43:31 Squires
44:54 Onager
47:05 Masonry
48:49 Siege Engineers
49:10 Northmen's Fury
53:02 Ring Archer Armor
54:11 Siege Onager
Connection lost

Rejoining the realm…

Still unreachable

The connection could not be restored.

Session expired

The server has moved on; the page needs a fresh start.